 Dungeon Crawl Stone Soup version 0.27.1-3-gb3d3a73c9e (webtiles) character file.

Game seed: 1081068471410163968

4281 jlumianski the Cleaver (level 10, -2/91 HPs)
             Began as a Deep Dwarf Fighter on Oct 22, 2021.
             Was a Believer of Okawaru.
             Slain by a gnoll sergeant (4 damage)
             ... on level 8 of the Dungeon.
             The game lasted 00:43:06 (6961 turns).

jlumianski the Cleaver (Deep Dwarf Fighter)         Turns: 6961, Time: 00:43:06

Health: -2/91      AC:  8    Str: 24    XL:     10   Next: 10%
Magic:  1/1        EV: 11    Int:  8    God:    Okawaru [**....]
Gold:   522        SH: 12    Dex: 12    Spells: 9/9 levels left

rFire    + . .     SeeInvis .   a - +0 war axe (freeze)
rCold    . . .     Faith    .   c - +1 kite shield
rNeg     + . .     Spirit   .   r - +2 ring mail {rF+}
rPois    .         Reflect  .   (no helmet)
rElec    .         Harm     .   (no cloak)
rCorr    .         Rampage  .   (no gloves)
Will     +....                  (no boots)
Stlth    +.........             (no amulet)
HPRegen  0.00/turn              e - ring of positive energy
MPRegen  0.07/turn              i - ring of wizardry

@: marked, flying
A: damage resistance, heal wounds, sense surroundings 2, no regeneration
a: Heal Wounds, Renounce Religion, Heroism


You were on level 8 of the Dungeon.
You worshipped Okawaru.
Okawaru was pleased with you.
You visited 2 branches of the dungeon, and saw 9 of its levels.

You collected 550 gold pieces.
You spent 28 gold pieces at shops.

Inventory:

Hand Weapons
 a - a +0 war axe of freezing (weapon)
 f - a +0 dagger of freezing
 j - a +4 hand axe
 m - a +2 short sword of flaming
 t - a +0 hand crossbow
Missiles
 g - 279 stones
 h - a throwing net (quivered)
 p - 23 poisoned darts
 u - 20 bolts
Armour
 b - a +0 scale mail
 c - a +1 kite shield (worn)
 r - a +2 ring mail of fire resistance (worn)
 C - +0 steam dragon scales
 E - +0 acid dragon scales
Jewellery
 e - a ring of positive energy (left hand)
 i - a ring of wizardry (right hand)
 k - a ring of protection from fire
Wands
 x - a wand of digging (7)
 y - a wand of polymorph (4)
 z - a wand of iceblast (21)
Scrolls
 d - 2 scrolls of teleportation
 s - 2 scrolls of enchant armour
Potions
 o - 2 potions of flight
 q - a potion of haste {unknown}
 w - a potion of curing {unknown}
 A - a potion of cancellation {unknown}
 B - 2 potions of attraction {unknown}
 D - a potion of invisibility {unknown}
 F - 2 potions of lignification {unknown}


   Skills:
 + Level 5.9 Fighting
 + Level 9.8 Axes
 + Level 4.1 Crossbows
 + Level 0.3 Throwing
 + Level 6.8 Armour
 + Level 4.2 Dodging
 + Level 1.6 Stealth
 + Level 7.7 Shields
 + Level 0.1 Evocations


You had 9 spell levels left.
You didn't know any spells.
Your spell library contained the following spells:

 Spells                   Type           Power      Damage    Failure   Level
 Gell's Gravitas          Tloc           0%         N/A       86%         3
 Lesser Beckoning         Tloc           0%         N/A       86%         3
 Teleport Other           Tloc           0%         N/A       86%         3
 Borgnjor's Revivificati  Necr           0%         N/A       100%        8
 Necromutation            Tmut/Necr      0%         N/A       100%        8
 Death's Door             Necr           0%         N/A       100%        9


Dungeon Overview and Level Annotations

Branches:
Dungeon (8/15)             Temple (1/1) D:4
   Lair: D:8-11

Altars:
Ashenzari
Cheibriados
Elyvilon
Fedhas
Gozag
Hepliaklqana
Kikubaaqudgha
Makhleb
Nemelex Xobeh
Okawaru
Qazlal
Ru
Sif Muna
Trog
Vehumet
Xom
Yredelemnul
Zin
The Shining One
Lugonu

Shops:
D:2 *


Innate Abilities, Weirdness & Mutations

You are resistant to damage.
You can heal yourself by infusing magical energy.
You passively map the area around you.
You do not regenerate.


Message History

You hit the kobold but do no damage. You block the kobold's attack.
You block the gnoll sergeant's attack. The gnoll barely misses you.
The kobold brigand hits you with a +0 club.
* * * LOW HITPOINT WARNING * * *
You block the kobold's attack.
It was a potion of flight.
You feel very buoyant.
You fly up into the air.
The gnoll sergeant hits you but does no damage.
The gnoll hits you from afar with a +0 spear.
You block the kobold brigand's attack. You block the kobold's attack.
You slash the kobold brigand! You freeze the kobold brigand.
You kill the kobold brigand!
Okawaru accepts your kill.
You closely miss the kobold. The gnoll sergeant barely misses you.
The gnoll hits you but does no damage. The kobold hits you but does no damage.
You block the gnoll sergeant's attack.
Unknown command.
You closely miss the kobold. You block the gnoll's attack.
You block the kobold's attack.
The gnoll sergeant hits you from afar with a +0 spear.
* * * LOW HITPOINT WARNING * * *
You hit the kobold. You freeze the kobold.
You kill the kobold!
You block the gnoll's attack. You block the gnoll sergeant's attack.
You block the gnoll's attack. You block the gnoll sergeant's attack.
Items here: ( )) [ †.
You hit the gnoll sergeant but do no damage.
You block the gnoll's attack.
The gnoll sergeant hits you with a +0 spear.
The gnoll hits you from afar with a +0 spear.
* * * LOW HITPOINT WARNING * * *
You barely miss the gnoll sergeant.
The gnoll sergeant hits you but does no damage.
The gnoll hits you but does no damage.
You barely miss the gnoll sergeant. You block the gnoll sergeant's attack.
You block the gnoll's attack.
You hit the gnoll sergeant but do no damage.
The gnoll sergeant hits you with a +0 spear.
You die...

, , ,................. ** , ,
....##..._......##.... ....
#.>...........### * , ,, ,.
##..##..........#### , , ,
..#...............# ** , ,
...............#####
.###.#.g.(............,
#.............))......#######**
#............g@.)......###
#...............###.....###
#..............!#####....#
#..............# ##...###
#..............# ###..(##
#..............# ###..K
#..<...........# ####
##............## ##..........##


You could see a gnoll sergeant and a gnoll.

Vanquished Creatures
  Harold (D:8)
  Maggie (D:7)
  Eustachio (D:4)
  An acid dragon (D:7)
  Duvessa (D:7)
  2 water moccasins
  An orc warrior (D:7)
  2 ice beasts
  2 sky beasts
  An ogre (D:5)
  A necrophage (D:3)
  3 centaurs
  2 kobold brigands
  A phantom (D:5)
  2 scorpions
  A wyvern skeleton (D:6)
  Dowan (D:7)
  3 killer bees (D:7)
  2 electric eels (D:7)
  4 howler monkeys
  4 wights
  A centaur zombie (D:7)
  3 hounds
  3 jellies
  A bullfrog zombie (D:5)
  A gnoll shaman (D:5)
  2 iguanas
  7 orc wizards
  2 hound skeletons
  2 howler monkey skeletons
  12 gnolls
  8 adders
  3 white imps (D:7)
  An ufetubus (D:5)
  3 worms
  3 dart slugs
  29 orcs
  9 ball pythons
  8 endoplasms
  2 giant cockroaches (D:4)
  12 goblins
  12 hobgoblins
  2 jackals (D:5)
  18 kobolds
  A quokka (D:1)
  3 bats (D:1)
  4 frilled lizards
  4 rats
193 creatures vanquished.

Vanquished Creatures (others)
  A demonic plant (Temple)
  A fungus (D:2)
  A plant (D:3)
3 creatures vanquished.

Grand Total: 196 creatures vanquished

Notes
Turn   | Place    | Note
-------+----------+-------------------------------------------
     0 | D:1      | jlumianski the Deep Dwarf Fighter began the quest for the
                  | Orb.
     0 | D:1      | Reached XP level 1. HP: 20/20 MP: 1/1
   285 | D:1      | Reached XP level 2. HP: 24/27 MP: 2/2
   826 | D:2      | Reached XP level 3. HP: 34/34 MP: 3/3
   940 | D:2      | Reached skill level 1 in Dodging
  1228 | D:2      | Found Bozas Gajugo's General Store.
  1246 | D:2      | Bought a scroll of identify for 28 gold pieces
  1328 | D:1      | Reached skill level 3 in Axes
  1333 | D:1      | Reached XP level 4. HP: 27/42 MP: 4/4
  1481 | D:2      | Found a faded altar of an unknown god.
  1809 | D:2      | Reached skill level 4 in Axes
  1809 | D:2      | Reached XP level 5. HP: 34/49 MP: 4/4
  2038 | D:3      | Reached XP level 6. HP: 28/56 MP: 5/5
  2736 | D:2      | Reached skill level 5 in Axes
  2990 | D:3      | Reached skill level 5 in Armour
  3074 | D:4      | Reached XP level 7. HP: 51/62 MP: 6/6
  3181 | D:4      | Reached skill level 5 in Shields
  3273 | D:4      | Found a staircase to the Ecumenical Temple.
  3290 | Temple   | Entered the Ecumenical Temple
  3446 | D:4      | Noticed Eustachio
  3468 | D:4      | Killed Eustachio
  3469 | D:4      | Reached skill level 6 in Axes
  3469 | D:4      | Reached skill level 1 in Crossbows
  3660 | D:5      | Entered Level 5 of the Dungeon
  3990 | D:5      | Reached XP level 8. HP: 48/72 MP: 5/5
  4116 | D:5      | Reached skill level 1 in Stealth
  4498 | D:6      | Reached skill level 7 in Axes
  5497 | D:6      | Reached skill level 8 in Axes
  5585 | D:7      | Noticed Dowan
  5599 | D:7      | Killed Dowan
  5600 | D:7      | Gained mutation: You passively map the area around you.
                  | [Deep Dwarf growth]
  5600 | D:7      | Reached XP level 9. HP: 60/79 MP: 4/4
  5608 | D:7      | Noticed Duvessa
  5630 | D:7      | Killed Duvessa
  5688 | D:7      | Found a stormy altar of Qazlal.
  6002 | D:7      | Found a white marble altar of Elyvilon.
  6004 | D:7      | Found a hazy altar of Hepliaklqana.
  6006 | D:7      | Found a glowing silver altar of Zin.
  6011 | D:7      | Found a shimmering blue altar of Sif Muna.
  6011 | D:7      | Found a basalt altar of Yredelemnul.
  6013 | D:7      | Found a snail-covered altar of Cheibriados.
  6013 | D:7      | Found a sacrificial altar of Ru.
  6014 | D:7      | Found an iron altar of Okawaru.
  6073 | D:7      | Noticed Maggie
  6085 | D:7      | Killed Maggie
  6086 | D:7      | Reached skill level 5 in Fighting
  6086 | D:7      | Reached skill level 9 in Axes
  6405 | D:7      | Became a worshipper of Warmaster Okawaru
  6488 | D:8      | Found a burning altar of Makhleb.
  6620 | D:8      | Noticed Harold
  6923 | D:8      | Reached * piety under Okawaru
  6941 | D:8      | HP: 1/81 [gnoll sergeant (8)]
  6946 | D:8      | Killed Harold
  6946 | D:8      | Reached ** piety under Okawaru
  6947 | D:8      | Reached XP level 10. HP: 18/91 MP: 1/1
  6955 | D:8      | HP: 4/91 [gnoll sergeant (2)]
  6961 | D:8      | Slain by a gnoll sergeant

Illustrated notes

Levels and vault maps discovered:
D:1:      eino_arrival_cavern_e, layout_basic
D:2:      layout_basic, shapermc_ecumenical_altar_ellora, serial_shops,
          nicolae_shop_crystal
D:3:      cheibrodos_greedy_goblins, layout_basic, st_stairs_12,
          serial_bayou_lake_a
D:4:      layout_cave_pools, minmay_temple_entry_statues_fountains,
          kennysheep_generic_room_4, uniq_eustachio
D:5:      layout_basic, st_stairs_4
D:6:      minmay_general_purpose_star, layout_gridville,
          corexii_leaking_fountain
D:7:      cheibrodos_helix_gallery, layout_cave_pools,
          nicolae_qazlal_style_of_elements, grunt_temple_overflow_open,
          uniq_maggie, uniq_duvessa
D:8:      layout_rooms, overflow_temple_1_default, uniq_harold
Temple:   corrupted_temple

Skill      XL: |  1  2  3  4  5  6  7  8  9 |
---------------+----------------------------+-----
Fighting       | 3 4 5 |  5.9
Dodging        | 1 2 3 4 |  4.2
Axes           | 3 4 5 6 8 9 |  9.8
Shields        | 4 5 6 7 |  7.7
Armour         | 4 5 6 |  6.8
Crossbows      | 2 3 4 |  4.1
Stealth        | 1 |  1.6
Throwing       | |  0.3
Evocations     | |  0.1

Action                   |  1- 3 |  4- 6 |  7- 9 | 10-12 || total
-------------------------+-------+-------+-------+-------++-------
Melee: War axe           |   135 |   151 |   432 |    13 ||   731
       Hand crossbow     |       |       |     3 |       ||     3
 Fire: Hand crossbow     |       |       |    64 |       ||    64
Throw: Dart              |       |    11 |     1 |       ||    12
       Throwing net      |       |       |     1 |       ||     1
 Abil: Heal Wounds       |     2 |     8 |    25 |       ||    35
Evoke: Wand              |       |       |     1 |       ||     1
  Use: Scroll            |       |     2 |     4 |       ||     6
       Potion            |       |       |     2 |     1 ||     3
 Stab: Confused          |       |       |     1 |       ||     1
       Held in net/web   |       |       |     1 |       ||     1
Armor: Scale mail        |    66 |    17 |       |       ||    83
       Ring mail         |       |    29 |   194 |    12 ||   235
Dodge: Dodged            |    38 |    51 |   193 |     8 ||   290
Block: Kite shield       |    73 |   105 |   309 |    22 ||   509
